 Dungeon Crawl Stone Soup version 0.14-a0-942-gbd853f2 (webtiles) character file.

3928 Malachi the Grappler (level 9, 0/61 (66) HPs)
             Began as a Demonspawn Fighter on Nov 19, 2013.
             Was a Believer of Okawaru.
             Slain by an orc
             ... wielding a +0,+0 orcish war axe
              (4 damage)
             ... on Level 8 of the Dungeon.
             The game lasted 00:23:49 (10215 turns).

Malachi the Grappler (Demonspawn Fighter)          Turns: 10215, Time: 00:23:49

HP   0/61 (66)   AC 16     Str 20      XL: 9   Next: 84%
MP   0/13        EV 10     Int 10      God: Okawaru [**....]
Gold 360         SH  0     Dex 12      Spells:  0 memorised,  8 levels left

Res.Fire  : . . .   See Invis. : .     - Unarmed
Res.Cold  : . . .   Warding    : .   r - +0 elf chain mail
Life Prot.: . . .   Conserve   : .   (no shield)
Res.Poison: .       Res.Corr.  : .   z - +0 dwarf helmet
Res.Elec. : .       Clarity    : .   (no cloak)
Sust.Abil.: . .     Spirit.Shd : +   (no gloves)
Res.Mut.  : .       Stasis     : .   h - +2 pair of boots
Res.Rott. : .       Flight     : .   w - amulet of guardian spirit
Saprovore : + . .                    (no ring)
                                     (no ring)

@: about to teleport, heroism, slightly resistant to hostile enchantments,
extremely unstealthy
A: claws 2, repulsion field 2, saprovore 1
a: Heroism, Renounce Religion


You were on level 8 of the Dungeon.
You worshipped Okawaru.
Okawaru was pleased with you.
You were hungry.

You visited 2 branches of the dungeon, and saw 9 of its levels.

You collected 360 gold pieces.

Inventory:

Hand weapons
 a - a +0,-3 trident
Armour
 g - a +0 plate armour
 h - a +2 pair of boots (worn)
 r - a +0 elven chain mail (worn)
 z - a +0 dwarven helmet (worn)
 C - a +0 elven cloak
 F - a +0 cloak
Magical devices
 q - a wand of flame (0)
 E - a wand of draining (6)
 L - a wand of teleportation (7) {unknown}
 R - a wand of random effects (8) {unknown}
Comestibles
 d - 6 bread rations
 j - 7 rotting chunks of orc flesh
 o - 2 meat rations
 A - a banana
 G - 2 rotting chunks of worker ant flesh
 O - 4 rotting chunks of jackal flesh
 P - a chunk of rat flesh
 Q - a pear
Scrolls
 b - 4 scrolls of identify
 n - a scroll of magic mapping {unknown}
 p - 7 scrolls of teleportation
 s - 2 scrolls of random uselessness {unknown}
 t - 2 scrolls of fear {unknown}
 u - a scroll of noise {unknown}
 v - 3 scrolls of fog {unknown}
 x - a scroll of summoning {unknown}
 y - a scroll of recharging {unknown}
 I - a scroll of immolation {unknown}
 J - a scroll of enchant weapon II {unknown}
 N - a scroll of enchant armour {unknown}
Jewellery
 w - an amulet of guardian spirit (around neck)
Potions
 c - a potion of flight {unknown}
 e - 2 potions of brilliance
 f - a potion of restore abilities
 i - a potion of magic
 l - a potion of porridge {unknown}
 D - 2 potions of invisibility {unknown}
 H - 2 potions of poison {unknown}
 M - a potion of curing
Books
 B - a book of Summonings

   Spells                             Type                      Level
   Abjuration                         Summoning                    3
   Recall                             Summoning/Translocation      3
   Summon Elemental                   Summoning                    4
   Shadow Creatures                   Summoning                    5
   Summon Demon                       Summoning                    5
   Summon Ugly Thing                  Summoning                    6
Rods
 K - a +0 rod of demonology (14/14)
   (You found it on level 7 of the Dungeon)


   Skills:
 + Level 4.1(9.1) Fighting
 - Level 4.2(9.2) Polearms
 + Level 4.0(9.0) Armour
 + Level 2.1(7.1) Dodging
 - Level 0.4(5.4) Stealth
   Level 4.0(9.0) Shields
 + Level 10.5(15.5) Unarmed Combat
 - Level 3.6 Invocations
 - Level 0.2 Evocations


You had 8 spell levels left.
You didn't know any spells.

Dungeon Overview and Level Annotations

Branches:
Dungeon (8/16)             Temple (1/1) D:4
    Orc: D:6-11        Lair: D:8-13

Altars:
Ashenzari
Cheibriados
Elyvilon
Fedhas
Kikubaaqudgha
Makhleb
Nemelex Xobeh
Okawaru
Sif Muna
Trog
Vehumet
Xom
Yredelemnul
Zin
the Shining One


Innate Abilities, Weirdness & Mutations

You have very sharp fingernails.
You are surrounded by a moderate repulsion field (EV +3).
You can tolerate rotten meat.


Message History

You hit the troll skeleton.
The orc hits you with an orcish war axe.
The troll skeleton bites you.
* * * LOW HITPOINT WARNING * * *
The troll skeleton closely misses you. The troll skeleton claws you.
* * * LOW HITPOINT WARNING * * *
You are too injured to fight recklessly!
You are too injured to fight recklessly!
You are too injured to fight recklessly!
The orc barely misses you.
You see here 2 arrows.
Read which item? (? for menu, Esc to quit)
As you read the scroll of teleportation, it crumbles to dust.
You feel strangely unstable. The troll skeleton bites you!
* * * LOW HITPOINT WARNING * * *
The troll skeleton claws you but does no damage.
The troll skeleton claws you.
* * * LOW HITPOINT WARNING * * *
The orc hits you with an orcish war axe.
You die...

#[......... ..
#........... ...
#............ ...
#............ ....
#......o..... .....
#....).o...... ......
#....Z........ ......#
#....(o..............#
#....@...............#
#....(................
#.....(...............
#......(..............
#...................<.
#.....................
#.....................
#.........######......
.........# #......


You could see an orc warrior, 2 orcs and a troll skeleton.

Vanquished Creatures
  A hippogriff (D:7)
  A manticore (D:8)
  A necrophage (D:8)
  2 ice beasts
  2 orc warriors (D:7)
  4 phantoms
  4 centaurs
  Sigmund (D:5)
  A water moccasin (D:6)
  A big kobold (D:8)
  2 ogres
  A giant frog (D:8)
  6 killer bees
  A quasit (D:8)
  6 crimson imps
  4 orc priests
  2 hounds
  4 iguanas
  3 jellies
  3 scorpions
  A gnoll shaman (D:5)
  6 orc wizards
  9 worker ants
  A hound skeleton (D:7)
  Crazy Yiuf (D:5)
  6 adders
  9 gnolls
  9 worms
  2 giant geckos
  26 orcs
  3 ball pythons (D:1)
  10 bats
  A bat skeleton (D:5)
  7 giant cockroaches
  13 goblins
  8 hobgoblins
  20 kobolds
  6 giant newts
  A goblin skeleton (D:5)
  7 jackals
  2 kobold skeletons
  A kobold zombie (D:7)
  6 quokkas
  A quokka zombie (D:5)
  12 rats
  A rat skeleton (D:8)
219 creatures vanquished.

Notes
Turn   | Place    | Note
--------------------------------------------------------------
     0 | D:1      | Malachi, the Demonspawn Fighter, began the quest for the Orb.
     0 | D:1      | Reached XP level 1. HP: 18/18 MP: 0/0
   250 | D:1      | Gained mutation: You can tolerate rotten meat. [demonic ancestry]
   250 | D:1      | Reached XP level 2. HP: 24/24 MP: 1/1
   828 | D:2      | Gained mutation: You are surrounded by a mild repulsion field (EV +2). [demonic ancestry]
   828 | D:2      | Reached XP level 3. HP: 21/30 MP: 2/2
  1427 | D:3      | Gained mutation: You have sharp fingernails. [demonic ancestry]
  1427 | D:3      | Reached XP level 4. HP: 36/36 MP: 3/3
  2093 | D:4      | Gained mutation: You are surrounded by a moderate repulsion field (EV +3). [demonic ancestry]
  2093 | D:4      | Reached XP level 5. HP: 42/42 MP: 4/4
  2197 | D:4      | Reached skill level 1 in Dodging
  2445 | D:4      | Noticed a phantom
  2530 | D:4      | Killed a phantom
  2530 | D:4      | Reached XP level 6. HP: 27/48 MP: 5/5
  2882 | D:4      | Noticed an ogre
  2884 | D:4      | Noticed a phantom
  2891 | D:4      | Killed an ogre
  2891 | D:4      | Reached skill level 4 in Polearms
  3087 | D:5      | Entered Level 5 of the Dungeon
  3789 | D:5      | Noticed Sigmund
  3855 | D:4      | Reached skill level 1 in Unarmed Combat
  3956 | D:4      | Killed a phantom
  3956 | D:4      | Reached XP level 7. HP: 23/54 MP: 6/6
  4509 | D:4      | Found a staircase to the Ecumenical Temple.
  4698 | Temple   | Entered the Ecumenical Temple
  4906 | Temple   | Became a worshipper of Warmaster Okawaru
  5541 | D:5      | Reached skill level 5 in Unarmed Combat
  5583 | D:5      | Gained mutation: You have very sharp fingernails. [demonic ancestry]
  5583 | D:5      | Reached XP level 8. HP: 37/61 MP: 7/7
  6047 | D:5      | Killed Sigmund
  6047 | D:5      | Acquired Okawaru's first power
  6047 | D:5      | Reached skill level 6 in Unarmed Combat
  6202 | D:5      | Noticed Crazy Yiuf
  6208 | D:5      | Killed Crazy Yiuf
  6418 | D:6      | Found a white marble altar of Elyvilon.
  6418 | D:6      | Found a shattered altar of Ashenzari.
  6619 | D:6      | Found a radiant altar of Vehumet.
  6733 | D:6      | Reached skill level 7 in Unarmed Combat
  6831 | D:6      | Reached skill level 1 in Invocations
  7408 | D:7      | Identified a +0 rod of demonology (14/14) (You found it on level 7 of the Dungeon)
  7409 | D:7      | Noticed an iron devil
  7695 | D:6      | Reached skill level 8 in Unarmed Combat
  8069 | D:7      | Reached XP level 9. HP: 66/66 MP: 11/11
  8680 | D:7      | Reached skill level 9 in Unarmed Combat
  9362 | D:8      | Reached skill level 10 in Unarmed Combat
  9525 | D:8      | HP: 3/61 [poisoned by a kobold (curare-tipped needle)]
  9529 | D:8      | HP: 1/61 [poisoned by a kobold (curare-tipped needle)]
 10215 | D:8      | Slain by an orc

Action                   |  1- 3 |  4- 6 |  7- 9 || total
-------------------------+-------+-------+-------++-------
Melee: Trident           |   168 |   341 |       ||   509
       Unarmed           |       |    87 |   572 ||   659
Invok: Heroism           |       |       |     6 ||     6
Evoke: Wand              |       |     7 |     1 ||     8
       Rod               |       |       |     1 ||     1
  Use: Scroll            |       |       |     8 ||     8
       Potion            |       |       |     6 ||     6
